 Dungeon Crawl Stone Soup version 0.30-a0-368-g86fb4627a9 (webtiles) character file.

Game seed: 1519634566034237595

56 RascalDebosk the Magician (level 4, -5/31 HPs)
             Began as a Djinni Air Elementalist on Nov 18, 2022.
             Slain by Terence
             ... wielding a +0 falchion
              (6 damage)
             ... on level 2 of the Dungeon.
             The game lasted 00:10:59 (1141 turns).

RascalDebosk the Magician (Djinni Air Elementalist) Turns: 1141, Time: 00:10:59

Health: -5/31      AC:  3    Str:  7    XL:     4   Next: 17%
Gold:   71         EV: 12    Int: 18    God:
                   SH:  0    Dex: 14

rFire   + + .      SeeInvis .    (no weapon)
rCold   x . .      Faith    .    (no shield)
rNeg    . . .      Spirit   .    a - +0 robe
rPois   ∞          Reflect  .    d - +0 helmet
rElec   .          Harm     .    (no cloak)
rCorr   .          Rampage  .    (no gloves)
Will    .....                    (boots unavailable)
Stlth   ++........               (no amulet)
HPRegen 0.25/turn                (no ring)
MPRegen 0.00/turn                (no ring)

@: flying, very slightly contaminated
A: sickness immunity, fire resistance 2, cold vulnerability 1, float, innate
caster, HP casting, extra vitality 1
a: no special abilities


You were on level 2 of the Dungeon.
You visited 1 branch of the dungeon, and saw 2 of its levels.

You collected 71 gold pieces.

Inventory:

Armour
 a - a +0 robe (worn)
 d - a +0 helmet (worn)
Scrolls
 f - a scroll of immolation {unknown}
 g - 3 scrolls of fear {unknown}
 i - 2 scrolls of silence {unknown}
 j - 2 scrolls of teleportation {unknown}
 l - a scroll of identify {unknown}
 m - a scroll of noise {unknown}
Potions
 b - a potion of resistance {unknown}
 c - 4 potions of curing {unknown}
 e - a potion of haste {unknown}
 h - a potion of lignification {unknown}
 k - a potion of degeneration {unknown}
 n - a potion of berserk rage {unknown}
 o - a potion of heal wounds {unknown}


   Skills:
 - Level 2.1 Dodging
 - Level 1.5 Stealth
 * Level 3.7 Spellcasting


You couldn't memorise any spells.
You knew the following spells:

 Your Spells              Type           Power      Damage    Failure   Level
a - Shock                 Conj/Air       64%        1d7       3%          1
b - Static Discharge      Conj/Air       32%        2-4/arc   4%          2
c - Swiftness             Air            16%        N/A       10%         3
d - Airstrike             Air            8%         2d(2-18)  32%         4
e - Sting                 Tmut/Pois      64%        1d6       3%          1
Your spell library was empty.

Dungeon Overview and Level Annotations

Branches:
Dungeon (2/15)

Altars:

Annotations:
D:2 Terence


Innate Abilities, Weirdness & Mutations

You are immune to sickness and miasma.
You are immune to poison.
Your flesh is very heat resistant. (rF++)
You are vulnerable to cold. (rC-)
You float through the air rather than walking.
You learn spells naturally, not from books.
Your magical power is your life essence.
You have superior vitality. (+4 MHP)


Message History

The adder hisses angrily.
Aiming: Shock (safe; 3% risk of failure)
Press: ? - help, Q - select action, (/) - cycle Shift-Dir - straight line, f - adder
Aim: an adder (53% to hit)
The zap hits the adder.
The adder is heavily wounded.
Aiming: Shock (safe; 3% risk of failure)
Press: ? - help, Q - select action, (/) - cycle Shift-Dir - straight line, f/p - adder
Aim: an adder (heavily wounded, 53% to hit)
That beam is likely to hit you.
Continue anyway? [Y]es or [N]o only, please.
That beam is likely to hit you.
Continue anyway? [Y]es or [N]o only, please.
That beam is likely to hit you.
Continue anyway?
Okay, then.
Aiming: Shock (safe; 3% risk of failure)
Press: ? - help, Q - select action, (/) - cycle Shift-Dir - straight line, f/p - adder
Aim: an adder (heavily wounded, 53% to hit)
That beam is likely to hit you.
Continue anyway?
The zap hits the adder.
The adder is heavily wounded.
The zap misses the adder.
The zap misses you. The adder bites you.
Casting: Shock (safe; 3% risk of failure)
Confirm with . or Enter, or press ? or * to list all spells.
The adder is struck by an arc of lightning.
The adder is severely wounded.
You are struck by an arc of lightning.
The lightning grounds out.
The adder barely misses you.
Casting: Static Discharge (safe; 5% risk of failure)
Confirm with . or Enter, or press ? or * to list all spells.
The adder is struck by an arc of lightning.
You kill the adder!
You are struck by an arc of lightning.
You have reached level 4!
You feel agile.
You start resting.
HP restored.
You see here an adder corpse.
Found 7 stones.
You now have 63 gold pieces (gained 9).
A rat comes into view.
A rat is nearby!
A rat is nearby!
Aiming: Shock (safe; 3% risk of failure)
Press: ? - help, Q - select action, (/) - cycle Shift-Dir - straight line, f - rat
Aim: a rat (wandering, hasn't noticed you, 71% to hit)
The zap hits the rat!
You kill the rat!
Found a stone staircase leading down.
You now have 71 gold pieces (gained 8).
Terence the Incautious comes into view.
He is wielding a +0 falchion.
Terence shouts!
Casting: Shock (safe; 3% risk of failure)
Confirm with . or Enter, or press ? or * to list all spells.
You miscast Static Discharge.
You are very lightly contaminated with residual magic.
Nothing appears to happen.
Terence misses you.
Casting: Static Discharge (safe; 4% risk of failure)
Confirm with . or Enter, or press ? or * to list all spells.
Terence is struck by an arc of lightning.
Terence is lightly wounded.
You are struck by an arc of lightning.
The lightning grounds out.
Terence hits you but does no damage.
Casting: Static Discharge (safe; 4% risk of failure)
Confirm with . or Enter, or press ? or * to list all spells.
Terence is struck by an arc of lightning.
Terence is moderately wounded.
You are struck by an arc of lightning.
Terence is struck by an arc of lightning.
Terence is heavily wounded.
The lightning grounds out.
Terence hits you with a +0 falchion.
Casting: Static Discharge (safe; 4% risk of failure)
Confirm with . or Enter, or press ? or * to list all spells.
Terence is struck by an arc of lightning.
Terence is heavily wounded.
You are struck by an arc of lightning.
* * * LOW HITPOINT WARNING * * *
Terence is struck by an arc of lightning.
Terence is severely wounded.
You are struck by an arc of lightning.
* * * LOW HITPOINT WARNING * * *
The lightning grounds out.
* * * LOW HITPOINT WARNING * * *
Terence hits you with a +0 falchion.
* * * LOW HITPOINT WARNING * * *
Casting: Static Discharge (safe; 4% risk of failure)
Confirm with . or Enter, or press ? or * to list all spells.
Aiming: Shock (safe; 3% risk of failure)
Press: ? - help, Shift-Dir - straight line The zap misses Terence.
The zap hits Terence.
Terence is almost dead.
* * * LOW HITPOINT WARNING * * *
Terence hits you with a +0 falchion.
* * * LOW HITPOINT WARNING * * *
Casting: Shock (safe; 3% risk of failure)
Confirm with . or Enter, or press ? or * to list all spells.
You don't have enough health to cast this spell.
Terence attacks as you move away! Terence hits you with a +0 falchion.
You die...

#.# #.# #.# ##### ...
#.# ....# #.#
#####.### .....# #.#
#.......# .....#
####.# #.###.#.##....
#..<.. #.###.#.#...
#.##.. #.##..#.#.##.#
# #... #.##....@....#
#.#. #.##..#.#@####
#.#. #.......#... ###
.... ####..#####.# ##
#.....## #....>..###.
#.#### # ########
#.#.####.#. #.######
#......#
#.....##..#####.##...#
###.####.#
###.#...........##....
.......#.#
#.####..###.........


You could see Terence.

Vanquished Creatures
  2 adders (D:2)
  A worm (D:2)
  2 endoplasms (D:1)
  3 giant cockroaches
  3 goblins (D:1)
  3 hobgoblins (D:1)
  A quokka (D:1)
  2 ball pythons (D:1)
  6 bats
  3 frilled lizards
  3 kobolds
  8 rats
37 creatures vanquished.

Notes
Turn   | Place    | Note
-------+----------+-------------------------------------------
     0 | D:1      | RascalDebosk the Djinni Air Elementalist began the quest
                  | for the Orb.
     0 | D:1      | RascalDebosk set off with the following spells memorised:
                  | Shock, Static Discharge, Swiftness, Airstrike.
     0 | D:1      | Reached XP level 1. HP: 15/15 MP: 0/0
    96 | D:1      | Reached XP level 2. HP: 19/21 MP: 0/0
   158 | D:1      | Reached skill level 3 in Spellcasting
   482 | D:1      | Reached XP level 3. HP: 24/25 MP: 0/0
   482 | D:1      | Learned a level 1 spell: Sting
   919 | D:2      | Reached XP level 4. HP: 18/31 MP: 0/0
  1133 | D:2      | Noticed Terence
  1140 | D:2      | HP: 1/31 [Terence/+0 falchion (1)]
  1141 | D:2      | Slain by Terence

Illustrated notes

Levels and vault maps discovered:
D:1:      saegor_arrival_simple_b, layout_rooms, kennysheep_decorative_pillar,
          minmay_ruptured
D:2:      layout_loops_cross, nicolae_kite_square_tiling_tiny,
          amcnicky_mini_corridor_feature, uniq_terence

Skill      XL: |  1  2 |
---------------+-------+-----
Spellcasting   | 3 |  3.7
Dodging        | |  2.1
Stealth        | |  1.5

Action                   |  1- 3 |  4- 6 || total
-------------------------+-------+-------++-------
 Cast: Shock             |    74 |     2 ||    76
       Static Discharge  |     2 |     3 ||     5
Armor: Robe              |     4 |     1 ||     5
Dodge: Dodged            |    10 |     1 ||    11

Table legend: (Time is in decaauts)
 A = Elapsed time spent in this place.
 B = Non-inter-level travel time spent in this place.
 C = Inter-level travel time spent in this place.
 D = Time resting spent in this place.
 E = Time spent auto-exploring this place.
 F = Levels seen in this place.
 G = Mean time per level.
                   A        B        C        D        E       F      G
               +--------+--------+--------+--------+--------+-----+--------+
         Total |   1140 |   1112 |     28 |     67 |    830 |   2 |  570.0 |
       Dungeon |   1140 |   1112 |     28 |     67 |    830 |   2 |  570.0 |
               +--------+--------+--------+--------+--------+-----+--------+

Top non-repeatable levels by time:
     D:1: 614 daAuts
     D:2: 526 daAuts
